 Dungeon Crawl Stone Soup version bcrawl-1.27.3 (webtiles) character file.

Game seed: 8517004229113812432

160973 Faustar the Slasher (level 4, -1/38 HPs)
             Began as a Djinni Skald on Aug 9, 2020.
             Slain by Sigmund
             ... wielding a +0 scythe
              (13 damage)
             ... on level 2 of the Dungeon.
             The game lasted 00:02:39 (1349 turns).

Faustar the Slasher (Djinni Skald)                  Turns: 1349, Time: 00:02:39

Health: -1/38      AC:  3    Str: 14    XL:     4   Next: 30%
Magic:  4/9        EV: 12    Int: 16    God:
Gold:   88         SH:  1    Dex: 10    Spells: 6/10 levels left

rFire    . . .     SeeInvis .   a - +0 falchion
rCold    . . .     Gourm    .   (no shield)
rNeg     . . .     Faith    .   b - +0 leather armour
rPois    .         Spirit   .   (no helmet)
rElec    .         Reflect  .   (no cloak)
rCorr    .         Harm     .   (no gloves)
MR       .....     Rnd*Rage +   (boots unavailable)
Stlth    +.........             (no amulet)
HPRegen  0.12/turn              (no ring)
MPRegen  0.11/turn              (no ring)

@: flying, very slightly contaminated
A: never pass out, berserk 2, blink, blurry vision 2, wild magic 2, MP-powered
wands, floating
a: Blink


You were on level 2 of the Dungeon.
You were hungry.

You visited 1 branch of the dungeon, and saw 2 of its levels.

You collected 88 gold pieces.

Inventory:

Hand Weapons
 a - a +0 falchion (weapon)
Armour
 b - a +0 leather armour (worn)
Jewellery
 i - the ring "Qoucrast" {Fire +Blink, unknown}
   (You found it on level 2 of the Dungeon)

   [ring of fire]

   It enhances your fire magic.
   It protects you from fire.
   It makes you vulnerable to cold.
   It lets you blink.
Scrolls
 d - 2 scrolls of fear
 f - a scroll of remove curse {unknown}
 g - a scroll of enchant armour {unknown}
 h - 4 scrolls of identify
Potions
 c - a potion of lignification {unknown}
Comestibles
 e - 5 rations {!d}


   Skills:
 - Level 3.1 Fighting
 - Level 3.9 Long Blades
 - Level 0.8 Armour
 - Level 2.0 Dodging
 - Level 3.9 Spellcasting
 + Level 3.0 Charms
 + Level 0.2 Necromancy


You had 6 spell levels left.
You knew the following spells:

 Your Spells              Type           Power        Failure   Level  Hunger
a - Infusion              Chrm           ###.....     14%         1    None
b - Regeneration          Chrm/Necr      ##........   50%         3    ###....

Your spell library contained the following spells:

 Spells                   Type           Power        Failure   Level  Hunger
 Song of Slaying          Chrm           ###.....     19%         2    None
 Ozocubu's Armour         Chrm/Ice       ##......     50%         3    ###....
 Spectral Weapon          Hex/Chrm       ##......     50%         3    ###....


Dungeon Overview and Level Annotations

Branches:
Dungeon (2/12)

Altars:

Annotations:
D:2 Sigmund


Innate Abilities, Weirdness & Mutations

You never pass out after going berserk.
You often lose your temper in combat.
You can translocate small distances at will.
Scrolls take you longer to read.
Your spells are harder to cast, but more powerful.
You expend magic power (3 MP) to strengthen your wands.
Your body floats in the air.


Message History

Sigmund is lightly wounded.
You hit Sigmund.
Sigmund is moderately wounded.
Sigmund barely misses you.
You closely miss Sigmund.
Sigmund is moderately wounded.
Sigmund hits you with a +0 scythe!
You hit Sigmund but do no damage.
Sigmund is moderately wounded.
You hit Sigmund.
Sigmund is moderately wounded.
Sigmund hits you with a +0 scythe.
You hit Sigmund.
Sigmund is moderately wounded.
Sigmund points at you and mumbles some strange words.
The magic dart hits you.
You hit Sigmund.
Sigmund is heavily wounded.
Sigmund hits you with a +0 scythe!
You die...

#########
........########
##..#........#
#[@@.#.......#
####
#.##.#.......#
#... #.
#.........## #...
#.
#######.#..###..)
#@ ##.##......#
#. #............
#. ..#.#........
#. ##..........
###..#.......


You could see Sigmund.

Vanquished Creatures
  A scorpion (D:2)
  2 dart slugs (D:1)
  4 leopard geckos
  3 bats
  A giant cockroach (D:1)
  3 goblins
  6 hobgoblins
  3 kobolds (D:1)
  A frilled lizard (D:1)
  6 rats
30 creatures vanquished.

Notes
Turn   | Place    | Note
-------+----------+-------------------------------------------
     0 | D:1      | Faustar the Djinni Skald began the quest for the Orb.
     0 | D:1      | Reached XP level 1. HP: 17/17 MP: 4/4
   127 | D:1      | Reached XP level 2. HP: 21/25 MP: 6/6
   999 | D:2      | Reached XP level 3. HP: 25/30 MP: 7/7
  1034 | D:2      | Noticed a scorpion
  1048 | D:2      | Killed a scorpion
  1048 | D:2      | Gained mutation: Your spells are harder to cast, but more
                  | powerful. [Djinni growth]
  1048 | D:2      | Gained mutation: You can translocate small distances at
                  | will. [Djinni growth]
  1048 | D:2      | Reached XP level 4. HP: 38/38 MP: 7/9
  1061 | D:2      | Learned a level 3 spell: Regeneration
  1257 | D:2      | Got a faintly glowing platinum ring
  1335 | D:2      | Noticed Sigmund
  1349 | D:2      | Slain by Sigmund

Skill      XL: |  1  2  3 |
---------------+----------+-----
Long Blades    | 3 |  3.9
Fighting       | 3 |  3.1
Armour         | |  0.8
Dodging        | |  2.0
Spellcasting   | |  3.9
Charms         | |  3.0
Necromancy     | |  0.2

Action                   |  1- 3 |  4- 6 || total
-------------------------+-------+-------++-------
Melee: Falchion          |    94 |    29 ||   123
 Cast: Regeneration      |       |     1 ||     1
  Eat: Chunk             |     2 |     2 ||     4
Armor: Leather armour    |    28 |     4 ||    32
Dodge: Dodged            |    56 |    17 ||    73
Block: Other             |       |     1 ||     1
